 Dungeon Crawl Stone Soup version 0.28.0-53-g5a82cb258f (webtiles) character file.

Game seed: 13076342913325237815

71 Condegh the Digger (level 4, -5/26 HPs)
             Began as a Gargoyle Earth Elementalist on Aug 1, 2022.
             Slain by an iguana (9 damage)
             ... on level 4 of the Dungeon.
             The game lasted 00:12:29 (3677 turns).

Condegh the Digger (Gargoyle Earth Elementalist)    Turns: 3677, Time: 00:12:31

Health: -5/26      AC:  7    Str: 12    XL:     4   Next: 24%
Magic:  4/7        EV: 12    Int: 17    God:
Gold:   149        SH:  0    Dex: 10    Spells: 4/8 levels left

rFire   . . .      SeeInvis .   k - +0 whip
rCold   . . .      Faith    .   (no shield)
rNeg    + . .      Spirit   .   b - +0 robe
rPois   ∞          Reflect  .   l - +0 helmet
rElec   +          Harm     .   p - +0 cloak
rCorr   .          Rampage  .   (no gloves)
Will    .....                   (no boots)
Stlth   ++........              (no amulet)
HPRegen 0.08/turn               (no ring)
MPRegen 0.10/turn               (no ring)

@: no status effects
A: sickness immunity, AC +3, negative energy resistance 1, electricity
resistance, torment resistance 1, petrification resistance
a: no special abilities


You were on level 4 of the Dungeon.
You visited 1 branch of the dungeon, and saw 4 of its levels.

You collected 149 gold pieces.

Inventory:

Hand Weapons
 d - a +0 dagger
 k - a +0 whip (weapon)
Missiles
 c - 67 stones
Armour
 b - a +0 robe (worn)
 l - a +0 helmet (worn)
 p - a +0 cloak (worn)
Scrolls
 e - 3 scrolls of identify {unknown}
 h - a scroll of immolation {unknown}
 i - 2 scrolls of enchant armour {unknown}
 j - 2 scrolls of teleportation {unknown}
 n - 2 scrolls of enchant weapon {unknown}
 o - a scroll of silence {unknown}
 q - a scroll of noise {unknown}
Potions
 a - a potion of mutation {unknown}
 f - a potion of brilliance {unknown}
 g - a potion of lignification {unknown}
 m - a potion of flight {unknown}


   Skills:
 + Level 1.7 Fighting
 + Level 0.7 Maces & Flails
 - Level 2.0 Dodging
 - Level 2.1 Stealth
 + Level 2.5 Spellcasting
 + Level 1.0 Conjurations
 - Level 0.7 Transmutations
 + Level 4.2 Earth Magic


You had 4 spell levels left.
You knew the following spells:

 Your Spells              Type           Power      Damage    Failure   Level
a - Sandblast             Erth           32%        2d9       3%          1
b - Stone Arrow           Conj/Erth      22%        3d8       19%         3

Your spell library contained the following spells:

 Spells                   Type           Power      Damage    Failure   Level
 Passwall                 Tmut/Erth      8%         N/A       10%         2
 Tukima's Dance           Hex            2%         N/A       50%         3
 Petrify                  Tmut/Erth      10%        N/A       54%         4
 Anguish                  Hex/Necr       1%         N/A       88%         4
 Enfeeble                 Hex            1%         N/A       100%        7


Dungeon Overview and Level Annotations

Branches:
Dungeon (4/15)
 Temple: D:4-7

Altars:
Fedhas


Innate Abilities, Weirdness & Mutations

You are immune to sickness and miasma.
Your stone body is resilient. (AC +3)
You are immune to poison.
You resist negative energy. (rN+)
You are resistant to electric shocks. (rElec)
You are resistant to unholy torment.
You are immune to petrification.


Message History

The iguana is lightly wounded.
The iguana bites you.
You hit the iguana.
The iguana is moderately wounded.
The iguana bites you.
You hit the iguana but do no damage.
The iguana is moderately wounded.
The iguana bites you but does no damage.
You barely miss the iguana.
The iguana is moderately wounded.
The iguana barely misses you.
You barely miss the iguana.
The iguana is moderately wounded.
The iguana bites you!
Casting: Sandblast (safe; 3% risk of failure)
Confirm with . or Enter, or press ? or * to list all spells.
Aiming: Sandblast (safe; 3% risk of failure)
Press: ? - help, Shift-Dir - straight line, f - iguana
Aim: an iguana (moderately wounded, 82% to hit)
The blast of sand hits the iguana but does no damage.
The iguana is moderately wounded.
The iguana closely misses you.
Casting: Sandblast (safe; 3% risk of failure)
Confirm with . or Enter, or press ? or * to list all spells.
Aiming: Sandblast (safe; 3% risk of failure)
Press: ? - help, Shift-Dir - straight line, f/p - iguana
Aim: an iguana (moderately wounded, 82% to hit)
The blast of sand hits the iguana.
The iguana is heavily wounded.
The iguana bites you.
* * * LOW HITPOINT WARNING * * *
Casting: Sandblast (safe; 3% risk of failure)
Confirm with . or Enter, or press ? or * to list all spells.
Aiming: Sandblast (safe; 3% risk of failure)
Press: ? - help, Shift-Dir - straight line, f/p - iguana
Aim: an iguana (heavily wounded, 82% to hit)
The blast of sand hits the iguana but does no damage.
The iguana is heavily wounded.
The iguana bites you!
You die...

## #...... ...
.......
#.######..#...#
#....<.......#
$....#....##
##.........#
#..........#
####....@l....#
.###.....##.#######
.....#..###.# #.#
........###.# #.#
.......#.>..# ###.##
.........#### #..[.#
.........)..# #....#
.......####.###....##
....... #.......#.#


You could see an iguana.

Vanquished Creatures
  2 adders
  2 dart slugs (D:1)
  4 orcs
  3 endoplasms
  A giant cockroach (D:3)
  2 goblins
  7 hobgoblins
  3 jackals
  A quokka (D:2)
  A ball python (D:1)
  5 bats
  6 kobolds
  5 rats
42 creatures vanquished.

Notes
Turn   | Place    | Note
-------+----------+-------------------------------------------
     0 | D:1      | Condegh the Gargoyle Earth Elementalist began the quest for
                  | the Orb.
     0 | D:1      | Reached XP level 1. HP: 10/10 MP: 3/3
   233 | D:1      | Reached XP level 2. HP: 4/16 MP: 3/5
   787 | D:1      | Reached skill level 1 in Fighting
  1309 | D:1      | Reached skill level 4 in Earth Magic
  1459 | D:1      | Reached XP level 3. HP: 15/20 MP: 3/6
  1468 | D:1      | Learned a level 3 spell: Stone Arrow
  1557 | D:2      | Found a blossoming altar of Fedhas.
  1588 | D:2      | Found a faded altar of an unknown god.
  3236 | D:3      | Reached XP level 4. HP: 25/25 MP: 7/7
  3560 | D:4      | Reached skill level 1 in Conjurations
  3677 | D:4      | Slain by an iguana

Illustrated notes

Levels and vault maps discovered:
D:1:      dpeg_arrival_short_road, layout_loops_ring
D:2:      layout_basic, basic_altar, hellmonk_ecumenical_altar_lost_god
D:3:      layout_loops_ring
D:4:      layout_rooms, serial_shops, shop, goddamned_bats

Skill      XL: |  1  2  3  4 |
---------------+-------------+-----
Fighting       | 1 |  1.7
Earth Magic    | 4 |  4.2
Dodging        | 2 |  2.0
Conjurations   | 1 |  1.0
Maces & Flails | |  0.7
Stealth        | |  2.1
Spellcasting   | |  2.5
Transmutations | |  0.7

Action                   |  1- 3 |  4- 6 || total
-------------------------+-------+-------++-------
Melee: Unarmed           |    15 |       ||    15
       Dagger            |    59 |       ||    59
       Punch             |     3 |       ||     3
       Whip              |    78 |    30 ||   108
 Cast: Sandblast         |     8 |     3 ||    11
 Stab: Sleeping          |     6 |     2 ||     8
Armor: Robe              |    59 |    10 ||    69
Dodge: Dodged            |    81 |    16 ||    97
